[Event "Titled Tuesday Blitz September 27 Late 2022"]
[White "Leitao, Rafael"]
[Black "Xiong, Jeffery"]
[WhiteFideId "2101246"]
[BlackFideId "2047640"]
[WhiteElo "2609"]
[BlackElo "2714"]
[Result "1-0"]
[Round "07"]
[TimeControl "180+1"]
[Date "2022.09.27"]
[WhiteClock "0:00:13"]
[BlackClock "0:00:26"]

1. c4 e6 2. g3 d5 3. Bg2 dxc4 4. Qa4+ Nd7 5. Qxc4 Rb8 6. Qc2 Ngf6 7. Nf3 c5 8. O-O b5 9. d4 Bb7 10. a4 b4 11. Rd1 Rc8 12. Bg5 cxd4 13. Qd3 e5 14. Bxf6 Qxf6 15. Nbd2 Be7 16. Ne4 Qg6 17. Nxe5 Nxe5 18. Qb5+ Bc6 19. Qxe5 O-O 20. Qxe7 Rfe8 21. Qxb4 Bxe4 22. Qxd4 Bxg2 23. Kxg2 Rxe2 24. Rac1 Rf8 25. Re1 Rc2 26. Rxc2 Qxc2 27. Qxa7 Qxb2 28. a5 Qb4 29. Re3 h6 30. Qb6 Qc4 31. a6 Qd5+ 32. Rf3 g5 33. Qb7 1-0


[Site "https://www.chess.com"]

[Event "Titled Tuesday Blitz September 27 Late 2022"]
[White "Lenderman, Aleksandr"]
[Black "Korchmar, Vasiliy"]
[WhiteFideId "2021285"]
[BlackFideId "24131750"]
[WhiteElo "2607"]
[BlackElo "2370"]
[Result "0-1"]
[Round "07"]
[TimeControl "180+1"]
[Date "2022.09.27"]
[WhiteClock "0:00:40"]
[BlackClock "0:00:03"]

1. e4 c5 2. d4 cxd4 3. c3 dxc3 4. Nxc3 Nc6 5. Nf3 d6 6. Bc4 e6 7. O-O Nf6 8. Qe2 Be7 9. Rd1 e5 10. Be3 O-O 11. b4 a6 12. a4 Bg4 13. b5 axb5 14. axb5 Rxa1 15. Rxa1 Nd4 16. Bxd4 exd4 17. Nd5 Nxd5 18. Bxd5 Bf6 19. Qd3 Qb6 20. Rc1 Rc8 21. Rxc8+ Bxc8 22. Qc4 Bd7 23. Bxf7+ Kh8 24. Be6 Qxb5 25. Qxb5 Bxb5 26. h4 Be2 27. Bb3 b5 28. Nd2 d3 29. g3 Bc3 30. Nb1 b4 31. Bc4 g6 32. Kg2 Kg7 33. f4 Bd4 34. Nd2 Be3 35. Nf3 b3 36. Bxb3 d2 37. e5 dxe5 38. Nxe5 d1=Q 39. Bxd1 Bxd1 40. Nc4 Bd4 41. Nd2 Bc2 42. Kh3 Be3 43. Nc4 Bd4 44. Nd6 Ba4 45. f5 Bd7 46. g4 h5 47. f6+ Bxf6 48. Ne4 Bxg4+ 49. Kg3 Be5+ 50. Kf2 Bf6 51. Kg3 Bf5 52. Nd6 Be5+ 0-1


[Site "https://www.chess.com"]

[Event "Titled Tuesday Blitz September 27 Late 2022"]
[White "Lewtak, Damian"]
[Black "Saraci, Nderim"]
[WhiteFideId "1141724"]
[BlackFideId "6351921"]
[WhiteElo "2329"]
[BlackElo "2553"]
[Result "1-0"]
[Round "07"]
[TimeControl "180+1"]
[Date "2022.09.27"]
[WhiteClock "0:00:12"]
[BlackClock "0:00:03"]

1. e4 c5 2. Nf3 Nc6 3. Bb5 g6 4. O-O Bg7 5. Re1 Nf6 6. e5 Nd5 7. Bxc6 dxc6 8. h3 O-O 9. d3 Nb6 10. Nbd2 Be6 11. b3 a5 12. a4 Nd7 13. Bb2 Qc7 14. Ng5 Bf5 15. Qe2 h6 16. Ngf3 g5 17. Nh2 e6 18. Nhf1 b5 19. Ng3 Bg6 20. Nh5 Bxh5 21. Qxh5 Nxe5 22. Rab1 Ng6 23. Ne4 Bxb2 24. Rxb2 Kg7 25. Nxc5 Qd6 26. Ne4 Qd4 27. Ra2 b4 28. Qf3 Rae8 29. Raa1 c5 30. Nd2 f5 31. Nc4 Kf6 32. Nxa5 h5 33. Nc4 g4 34. Qe3 Qd5 35. a5 Rh8 36. a6 gxh3 37. Qxh3 Reg8 38. a7 Nf4 39. Qh4+ Rg5 40. Ne3 Qa8 41. Qxf4 h4 42. Kh2 Rhg8 43. Rg1 Kf7 44. f3 Rg3 45. Nc4 h3 46. Qxg3 Rxg3 47. Kxg3 Qg8+ 48. Kf2 1-0


[Site "https://www.chess.com"]

[Event "Titled Tuesday Blitz September 27 Late 2022"]
[White "Mihajlov, Sebastian"]
[Black "Zhigalko, Sergei"]
[WhiteFideId "1512110"]
[BlackFideId "13502956"]
[WhiteElo "2464"]
[BlackElo "2662"]
[Result "1-0"]
[Round "07"]
[TimeControl "180+1"]
[Date "2022.09.28"]
[WhiteClock "0:00:10"]
[BlackClock "0:00:05"]

1. e4 c5 2. Nf3 Nc6 3. d4 cxd4 4. Nxd4 Nf6 5. Nc3 e5 6. Ndb5 d6 7. Bg5 a6 8. Na3 b5 9. Nd5 Be7 10. Bxf6 Bxf6 11. c3 Bg5 12. Nc2 Ne7 13. h4 Bh6 14. a4 bxa4 15. Ncb4 O-O 16. Qxa4 a5 17. Bb5 Nxd5 18. Nxd5 Be6 19. Bc6 Rb8 20. b4 axb4 21. cxb4 f5 22. exf5 Bxf5 23. b5 e4 24. b6 Kh8 25. b7 e3 26. O-O Bd3 27. Nxe3 Bxe3 28. fxe3 Bxf1 29. Rxf1 Qe7 30. Rxf8+ Rxf8 31. Qd4 h6 32. Bf3 Qc7 33. h5 Qc5 34. Qf4 Rb8 35. Kh2 Qe5 36. Kg3 Kg8 37. Qxe5 dxe5 38. Bd5+ Kf8 39. Kg4 Ke7 40. Kf5 Kd6 41. e4 Kc7 42. Kg6 Rf8 43. Kh7 Rf2 44. Kxg7 Rxg2+ 45. Kxh6 Kb8 46. Kh7 Rg5 47. h6 Kc7 48. Kh8 Rg6 49. Kh7 Rg5 50. Bf7 Kxb7 51. Bg6 Kc6 52. Kg7 Rg3 53. h7 Rh3 54. h8=Q Rxh8 55. Kxh8 Kc5 56. Kg7 Kd4 57. Kf6 Ke3 58. Kxe5 1-0


[Site "https://www.chess.com"]

[Event "Titled Tuesday Blitz September 27 Late 2022"]
[White "Mikhailov, Viacheslav"]
[Black "Svane, Rasmus"]
[WhiteFideId "4187369"]
[BlackFideId "4657101"]
[WhiteElo "2381"]
[BlackElo "2674"]
[Result "0-1"]
[Round "07"]
[TimeControl "180+1"]
[Date "2022.09.27"]
[WhiteClock "0:00:01"]
[BlackClock "0:00:06"]

1. Nf3 d5 2. g3 e6 3. Bg2 Nf6 4. O-O Be7 5. c4 O-O 6. b3 d4 7. d3 Nc6 8. e3 Bc5 9. exd4 Nxd4 10. Bb2 a5 11. Nc3 Nxf3+ 12. Qxf3 Bd4 13. Rab1 c6 14. Ne4 Bxb2 15. Rxb2 Nxe4 16. dxe4 e5 17. Rd1 Qe7 18. Qc3 Qc5 19. h3 Be6 20. Bf1 Rfd8 21. Rbd2 Rxd2 22. Qxd2 h6 23. Qb2 Rf8 24. a3 Qb6 25. b4 axb4 26. axb4 Qc7 27. c5 Ra8 28. Rd6 Qc8 29. h4 f6 30. b5 cxb5 31. Qxb5 Bf7 32. Rd7 Qc6 33. Qxb7 Qxb7 34. Rxb7 Rc8 35. Rb5 Kf8 36. Bh3 Rc7 37. Ra5 Ke7 38. Kf1 Bg6 39. Bf5 Bxf5 40. exf5 Kd7 41. Ke2 Kc6 42. Kf3 Kd5 43. Kg4 e4 44. Kh5 Kd4 45. Kg6 Kd3 46. g4 Ke2 47. Ra2+ Kf3 48. Rc2 Kxg4 49. Rc3 Kxh4 50. Rc4 Kh3 51. Rxe4 Rxc5 52. Kxg7 Rxf5 53. f4 Kg4 54. Kxh6 Rxf4 55. Re1 Kf5 56. Kh5 Rf2 57. Kh4 Kf4 58. Kh3 f5 59. Rd1 Ke3 60. Re1+ Kf3 61. Rb1 Re2 62. Rb3+ Kf2 63. Rb5 f4 64. Rb4 Kf3 65. Rb3+ Re3 66. Rb1 Ke2+ 67. Kg2 Kd3 68. Kf2 Ke4 69. Rb4+ Kf5 70. Rb2 Kg4 71. Re2 Rh3 72. Kg1 Rg3+ 73. Kf1 Rf3+ 74. Kg1 Rd3 75. Rb2 Kg3 76. Rg2+ Kf3 77. Rf2+ Kg4 78. Rg2+ Kf5 79. Rb2 Rc3 80. Kf2 Kg4 81. Rb4 Rh3 82. Kg2 Rc3 83. Kf2 Rc2+ 84. Kf1 Kg3 85. Rb8 Rc1+ 86. Ke2 f3+ 87. Kd2 f2 88. Rg8+ Kh4 89. Rh8+ Kg5 90. Rg8+ Kh6 91. Kxc1 f1=Q+ 92. Kd2 Qf4+ 93. Ke1 Qb4+ 94. Kf2 Qd4+ 95. Kg3 Qc3+ 96. Kh2 Qb2+ 97. Rg2 Qe5+ 98. Kh1 Kh5 99. Rh2+ Kg4 100. Rg2+ Kf3 101. Rg8 Qa1+ 102. Kh2 Qa2+ 0-1


[Site "https://www.chess.com"]

[Event "Titled Tuesday Blitz September 27 Late 2022"]
[White "Moaataz, Ayah"]
[Black "Ballester Llagaria, Luis Eduardo"]
[WhiteFideId "10615873"]
[BlackFideId "2297620"]
[WhiteElo "1993"]
[BlackElo "2344"]
[Result "1-0"]
[Round "07"]
[TimeControl "180+1"]
[Date "2022.09.28"]
[WhiteClock "0:00:07"]
[BlackClock "0:00:03"]

1. c4 e5 2. g3 Nc6 3. Bg2 h5 4. h4 Bc5 5. Nc3 a6 6. Nf3 d6 7. d3 Bg4 8. a3 Ba7 9. b4 Qd7 10. Nd5 Nge7 11. Bb2 Nxd5 12. cxd5 Ne7 13. d4 e4 14. Ng5 e3 15. fxe3 Nf5 16. Kf2 O-O 17. e4 Nh6 18. Bf3 f5 19. e5 dxe5 20. Ne6 e4 21. Nxf8 Rxf8 22. Qb3 f4 23. Bxe4 fxg3+ 24. Kxg3 Qd6+ 25. Kg2 Bxe2 26. Rae1 Bb5 27. Qg3 Ng4 28. Bf3 Rxf3 29. Qxf3 Bc4 30. Re8+ Kh7 31. Qe4+ g6 32. Qe7+ Qxe7 33. Rxe7+ Kh6 34. Bc1+ g5 35. Bxg5+ Kg6 36. Rd1 Bxd5+ 37. Kg3 Bb6 38. a4 a5 39. bxa5 Bxa5 40. Rde1 Bxe1+ 41. Rxe1 Bc6 42. Rc1 Kf5 43. d5 Bxd5 44. Rxc7 Bc6 45. Rf7+ Kg6 46. Rf4 Ne5 47. a5 Nd7 48. a6 bxa6 49. Rd4 Kf7 50. Rd6 Bb5 51. Kf4 Nf8 52. Rf6+ Kg7 53. Rb6 Kf7 54. Kf5 Bd7+ 55. Ke5 Bb5 56. Kf5 Bd7+ 57. Ke5 Bb5 58. Rb7+ Nd7+ 59. Kd6 Ke8 60. Ra7 Nb8 61. Ra8 Kf7 62. Rxb8 Bc6 63. Kxc6 1-0


[Site "https://www.chess.com"]

[Event "Titled Tuesday Blitz September 27 Late 2022"]
[White "Muradli, Mahammad"]
[Black "Averjanov, Alexey"]
[WhiteFideId "13409301"]
[BlackFideId "14109867"]
[WhiteElo "2611"]
[BlackElo "2659"]
[Result "0-1"]
[Round "07"]
[TimeControl "180+1"]
[Date "2022.09.27"]
[WhiteClock "0:00:52"]
[BlackClock "0:02:37"]

1. Nf3 c5 2. c4 Nc6 3. Nc3 g6 4. e3 Nf6 5. d4 cxd4 6. exd4 d5 7. cxd5 Nxd5 8. Bc4 Nxc3 9. bxc3 Bg7 10. O-O O-O 11. Ba3 b6 12. Re1 Re8 13. Bxf7+ Kxf7 14. Ng5+ Kg8 15. Qf3 Bd7 16. Qf7+ Kh8 17. Qd5 e6 18. Qb5 Nxd4 0-1


[Site "https://www.chess.com"]

[Event "Titled Tuesday Blitz September 27 Late 2022"]
[White "Nogerbek, Kazybek"]
[Black "Dardha, Daniel"]
[WhiteFideId "13710427"]
[BlackFideId "240990"]
[WhiteElo "2458"]
[BlackElo "2528"]
[Result "0-1"]
[Round "07"]
[TimeControl "180+1"]
[Date "2022.09.27"]
[WhiteClock "0:00:00"]
[BlackClock "0:00:03"]

1. Nf3 d5 2. e3 Nf6 3. c4 e6 4. Nc3 Bd6 5. b3 a6 6. Bb2 O-O 7. Rc1 Nbd7 8. g3 c6 9. d4 dxc4 10. bxc4 e5 11. Bg2 exd4 12. Qxd4 Bc5 13. Qf4 Re8 14. O-O Qe7 15. Rcd1 Nb6 16. Ng5 Bg4 17. Nce4 Nxe4 18. Bxe4 Bxd1 19. Bxh7+ Kf8 20. Bg6 Qd7 21. Bxf7 Qg4 22. Bxe8+ Qxf4 23. Ne6+ Kxe8 24. exf4 Nxc4 25. Bc3 Kf7 26. Nxc5 Bf3 27. Nxb7 Rb8 28. Nc5 Rd8 29. Nb3 Rd3 30. Nd4 Rxc3 31. Nxf3 Rxf3 32. Rc1 Na5 33. Rc5 Ra3 34. Rc2 Ke6 35. Kg2 Kd5 36. h4 c5 37. h5 c4 38. g4 Nc6 39. g5 Ra5 40. Re2 c3 41. h6 gxh6 42. gxh6 Rb5 43. Re8 c2 0-1


[Site "https://www.chess.com"]

[Event "Titled Tuesday Blitz September 27 Late 2022"]
[White "Papasimakopoulos, Alexandros"]
[Black "Bluebaum, Matthias"]
[WhiteFideId "4244125"]
[BlackFideId "24651516"]
[WhiteElo "2357"]
[BlackElo "2633"]
[Result "0-1"]
[Round "07"]
[TimeControl "180+1"]
[Date "2022.09.27"]
[WhiteClock "0:00:36"]
[BlackClock "0:00:08"]

1. d4 Nf6 2. c4 e6 3. Nc3 d5 4. cxd5 exd5 5. Bg5 c6 6. e3 h6 7. Bh4 Be7 8. Bd3 O-O 9. Qc2 Re8 10. Nf3 Ne4 11. Bxe7 Qxe7 12. Bxe4 dxe4 13. Nd2 f5 14. O-O Nd7 15. Rac1 Nf6 16. Nc4 Be6 17. Ne5 c5 18. Ng6 Qf7 19. Ne5 Qe7 20. Ng6 Qf7 21. Ne5 Qc7 22. Nb5 Qa5 23. Qxc5 b6 24. b4 Qa4 25. Nc3 bxc5 26. Nxa4 cxb4 27. Rc2 Rac8 28. Nc5 Bd5 29. h3 a5 30. g4 fxg4 31. hxg4 Rxe5 32. dxe5 Nxg4 33. Rd1 Bf7 34. Rdd2 Nxe5 35. Nxe4 Nf3+ 36. Kh1 Re8 37. Nd6 Nxd2 38. Nxe8 Ne4 39. Nc7 Nc3 40. a3 Bg6 41. Rc1 Na2 42. axb4 axb4 43. Rc6 Be4+ 44. Kg1 Bxc6 45. Nd5 Bxd5 0-1


[Site "https://www.chess.com"]

[Event "Titled Tuesday Blitz September 27 Late 2022"]
[White "Petrova, Irina"]
[Black "P., Komal Kishore"]
[WhiteFideId "14124122"]
[BlackFideId "5016703"]
[WhiteElo "2021"]
[BlackElo "2114"]
[Result "0-1"]
[Round "07"]
[TimeControl "180+1"]
[Date "2022.09.28"]
[WhiteClock "0:00:01"]
[BlackClock "0:00:06"]

1. e4 c6 2. d4 d5 3. e5 Bf5 4. h4 h5 5. c4 e6 6. Nc3 g6 7. Bg5 Be7 8. cxd5 cxd5 9. Bb5+ Nd7 10. Nf3 a6 11. Bd3 Bxg5 12. Nxg5 Ne7 13. O-O Bxd3 14. Qxd3 O-O 15. Ne2 b5 16. Nf4 Nf5 17. g3 Rc8 18. b3 Qb6 19. Rfd1 Rc6 20. Ne2 Rfc8 21. Rac1 Qa5 22. Rxc6 Rxc6 23. Rd2 Kf8 24. Kg2 Qc7 25. Kh3 Ke7 26. f3 Qc8 27. g4 hxg4+ 28. fxg4 Nh6 29. Qf3 Rc2 30. Qd3 Rxd2 31. Qxd2 Nb8 32. Nxe6 Nxg4 33. Qg5+ Ke8 34. Qxg4 Qxe6 35. Nf4 Qc6 36. h5 Qc3+ 37. Kh4 Qe1+ 38. Kg5 gxh5 39. Nxh5 Qe3+ 40. Kf5 Nd7 41. Qg8+ Ke7 42. Qg5+ Qxg5+ 43. Kxg5 Nf8 44. Nf4 a5 45. Nxd5+ Kd7 46. Nf6+ Ke6 47. Kf4 Ng6+ 48. Ke4 a4 49. d5+ Ke7 50. d6+ Ke6 51. Nh7 Nxe5 52. Ng5+ Kxd6 53. bxa4 bxa4 54. Kd4 f6 55. Ne4+ Ke6 56. Kc3 f5 57. Nf2 Nc6 58. a3 Kd5 59. Nd3 Ke4 60. Nc5+ Ke3 61. Nxa4 f4 62. Nb2 Ke2 0-1


[Site "https://www.chess.com"]

[Event "Titled Tuesday Blitz September 27 Late 2022"]
[White "Pinheiro, Iung Alicio de O."]
[Black "Djordjevic, Dejan N"]
[WhiteFideId "2104350"]
[BlackFideId "913316"]
[WhiteElo "2283"]
[BlackElo "2262"]
[Result "1-0"]
[Round "07"]
[TimeControl "180+1"]
[Date "2022.09.28"]
[WhiteClock "0:00:05"]
[BlackClock "0:00:01"]

1. c4 Nf6 2. g3 g6 3. Bg2 Bg7 4. Nc3 d6 5. d3 O-O 6. Bg5 Nc6 7. Qd2 Re8 8. Bh6 Bh8 9. h4 Ng4 10. h5 Nxh6 11. hxg6 hxg6 12. Qxh6 Bg7 13. Qh7+ Kf8 14. Nf3 e6 15. Ne4 Nd4 16. Nh4 d5 17. cxd5 exd5 18. Nc3 c6 19. Kf1 Qf6 20. e4 Nc2 21. Rc1 Ne3+ 22. Kg1 Nxg2 23. Kxg2 Be6 24. Nf3 Bg4 25. Nh2 Be6 26. Nf3 dxe4 27. Nxe4 Qxb2 28. Nh4 Bd5 29. Nxg6+ fxg6 30. Qxg6 Bxe4+ 31. dxe4 Qf6 32. Qg4 Rad8 33. Rh5 Kg8 34. Rcc5 Qd4 35. Rcf5 Qxe4+ 36. Qxe4 Rxe4 37. Rhg5 Rd7 38. a3 Ra4 39. Rf3 Rf7 40. Rb3 b6 41. Rh5 c5 42. Re3 Bd4 43. Re8+ Kg7 44. Re2 Rxa3 45. f4 Rd7 46. Rg5+ Kf7 47. Kh3 Bf6 48. Rf5 Rdd3 49. Rg2 c4 50. Kg4 c3 51. Rh5 c2 52. Rxc2 Rxg3+ 53. Kf5 Ra5+ 54. Ke4 Rxh5 55. Rc7+ Be7 56. f5 Rh4+ 57. Ke5 Re3+ 58. Kd5 Rhh3 59. Rxa7 Rd3+ 60. Kc6 1-0


[Site "https://www.chess.com"]

[Event "Titled Tuesday Blitz September 27 Late 2022"]
[White "Preotu, Razvan"]
[Black "Przybylski, Wojciech"]
[WhiteFideId "2613280"]
[BlackFideId "1117599"]
[WhiteElo "2407"]
[BlackElo "2133"]
[Result "1-0"]
[Round "07"]
[TimeControl "180+1"]
[Date "2022.09.28"]
[WhiteClock "0:00:22"]
[BlackClock "0:00:01"]

1. e4 e5 2. Nf3 Nf6 3. d4 Nxe4 4. Bd3 d5 5. Nxe5 Nd7 6. Nxd7 Bxd7 7. O-O Bd6 8. Nc3 Nxc3 9. bxc3 O-O 10. Qh5 f5 11. Bg5 Qe8 12. Qf3 c6 13. Rfe1 Qf7 14. Bf4 Ba3 15. Qg3 Rfe8 16. Rab1 b5 17. Be5 Be7 18. Re2 Qg6 19. Qxg6 hxg6 20. g3 g5 21. Kg2 Kf7 22. Rbe1 g6 23. h3 Ba3 24. Rb1 a5 25. f3 a4 26. g4 Re7 27. Ree1 Rae8 28. Rh1 Rf8 29. Kg3 Ke8 30. h4 fxg4 31. fxg4 gxh4+ 32. Rxh4 g5 33. Rh6 Rg8 34. Rf1 Re6 35. Rh7 Be7 36. Rff7 Rxe5 37. dxe5 1-0


[Site "https://www.chess.com"]

[Event "Titled Tuesday Blitz September 27 Late 2022"]
[White "Rangel, Daniel"]
[Black "Gorshtein, Ido"]
[WhiteFideId "2124475"]
[BlackFideId "2815532"]
[WhiteElo "2225"]
[BlackElo "2411"]
[Result "0-1"]
[Round "07"]
[TimeControl "180+1"]
[Date "2022.09.27"]
[WhiteClock "0:00:09"]
[BlackClock "0:00:26"]

1. c4 Nc6 2. g3 g6 3. Bg2 Bg7 4. Nc3 Nf6 5. e3 O-O 6. Nge2 d6 7. O-O e5 8. Rb1 Re8 9. b4 e4 10. Nf4 Bf5 11. Ncd5 Ne5 12. Qc2 Nxd5 13. Nxd5 c6 14. Nf4 Nf3+ 15. Kh1 Qd7 16. Bb2 Be5 17. Ne2 Bh3 18. Ng1 Bxg2+ 19. Kxg2 Qf5 20. Bxe5 dxe5 21. Rfd1 Rad8 22. b5 c5 23. b6 a6 24. Rb3 Rd6 25. Rb2 Red8 26. Nxf3 exf3+ 27. Kh1 Rd3 28. Rg1 h5 29. a4 e4 30. a5 R8d6 31. Qc1 Qd7 32. Rd1 Kg7 33. Rc2 h4 34. Rg1 hxg3 35. Rxg3 Qe6 36. Qa1+ Qf6 37. Qc1 Rd8 38. h3 Rh8 39. Kh2 Rh4 40. Rc3 Rxc3 41. dxc3 Qe5 42. Qd2 Rh5 43. Qe1 Rg5 44. Qg1 Rxg3 45. Qxg3 Qxg3+ 46. Kxg3 f5 47. Kf4 Kf7 48. h4 Kf6 49. Kg3 Ke5 50. h5 gxh5 51. Kh4 f4 52. exf4+ Kxf4 53. Kxh5 e3 54. fxe3+ Kxe3 55. Kg5 f2 56. Kf6 f1=Q+ 57. Ke7 Qf3 58. Kd6 Qc6+ 59. Ke7 Kd3 60. Kd8 Kxc3 61. Ke7 Kxc4 62. Kd8 Kb5 63. Ke7 Kxa5 64. Kd8 Kxb6 0-1


[Site "https://www.chess.com"]

[Event "Titled Tuesday Blitz September 27 Late 2022"]
[White "Richter, Paul"]
[Black "Hambleton, Aman"]
[WhiteFideId "2046350"]
[BlackFideId "2606577"]
[WhiteElo "2558"]
[BlackElo "2538"]
[Result "1-0"]
[Round "07"]
[TimeControl "180+1"]
[Date "2022.09.28"]
[WhiteClock "0:00:09"]
[BlackClock "0:00:07"]

1. e4 d5 2. exd5 Qxd5 3. Nc3 Qe5+ 4. Nge2 c6 5. d4 Qa5 6. Ng3 Nf6 7. Bc4 Bg4 8. f3 Bh5 9. Nxh5 Qxh5 10. O-O e6 11. Bf4 Nbd7 12. Ne4 Nd5 13. Bxd5 cxd5 14. Nd6+ Bxd6 15. Bxd6 f6 16. Qe2 Kf7 17. Qb5 Nb6 18. a4 Rhd8 19. Bc7 Rdc8 20. Bxb6 axb6 21. Qd7+ Kg6 22. c3 Qf5 23. Qxb7 Rab8 24. Qd7 Rd8 25. Qb5 h5 26. Rfe1 h4 27. h3 Kf7 28. Re2 g5 29. Rae1 Re8 30. Rxe6 Qxe6 31. Rxe6 Rxe6 32. Qxd5 Re8 33. Qc4 Kg7 34. Kf2 Re1 35. d5 Rd1 36. b4 Kg6 37. a5 bxa5 38. bxa5 Rd8 39. Qe4+ Kh6 40. c4 Rd2+ 41. Ke1 Ra2 42. Qe7 Rg8 43. Qxf6+ Kh7 44. Qf5+ Kh6 45. Qf6+ Kh7 46. Qf7+ Rg7 47. Qf5+ Kh6 48. Qe4 Rb7 49. Qe6+ Kh7 50. Qf5+ Kh8 51. d6 Rbb2 52. Qf6+ Kh7 53. Qxb2 Rxb2 54. c5 Rb5 55. d7 Rxc5 56. d8=Q Re5+ 57. Kf2 Kg6 58. Qd3+ Kf7 59. Qd2 Rb5 60. Qc3 Kg6 61. Qd3+ Rf5 62. Qxf5+ Kxf5 63. a6 g4 64. a7 g3+ 65. Ke2 Kf4 66. a8=Q Kg5 67. Qe4 Kf6 68. Qg4 Ke5 69. Qxh4 Kf5 70. Qxg3 Kf6 71. Qg4 1-0


[Site "https://www.chess.com"]

[Event "Titled Tuesday Blitz September 27 Late 2022"]
[White "Rottenwohrer Suarez, Juan"]
[Black "Javakhadze, Zurab"]
[WhiteFideId "32068182"]
[BlackFideId "13603647"]
[WhiteElo "2132"]
[BlackElo "2381"]
[Result "0-1"]
[Round "07"]
[TimeControl "180+1"]
[Date "2022.09.28"]
[WhiteClock "0:00:02"]
[BlackClock "0:00:17"]

1. Nf3 d5 2. g3 Nf6 3. Bg2 e6 4. O-O Be7 5. d3 O-O 6. Nbd2 c5 7. e4 Nc6 8. e5 Nd7 9. Re1 Qc7 10. Qe2 b5 11. h4 a5 12. Nf1 a4 13. a3 b4 14. Bf4 bxa3 15. bxa3 Ba6 16. h5 Rfc8 17. N1h2 Rab8 18. Ng4 Nd4 19. Nxd4 cxd4 20. Ra2 Rb6 21. h6 g6 22. Bxd5 Bb7 23. Nf6+ Bxf6 24. exf6 Qc5 25. Bxb7 Rxb7 26. Qe4 Rb5 27. Raa1 Nxf6 28. Qe5 Qxe5 29. Bxe5 Ng4 30. Bxd4 Nxh6 31. c4 Rb3 32. Red1 Kf8 33. Be3 Nf5 34. Kg2 Ke7 35. Rd2 Nxe3+ 36. fxe3 Rd8 37. Rad1 Rxa3 38. Kf3 e5 39. Ke2 Ke6 40. Rb2 Rb3 41. Rxb3 axb3 42. Rb1 Rb8 43. Kd2 h5 44. Kc3 g5 45. d4 exd4+ 46. exd4 h4 47. d5+ Kd6 48. Kd4 hxg3 49. c5+ Kd7 50. d6 Kc6 51. Kc4 b2 0-1


[Site "https://www.chess.com"]

[Event "Titled Tuesday Blitz September 27 Late 2022"]
[White "Rustemov, Alexander"]
[Black "Brodowski, Piotr"]
[WhiteFideId "4119002"]
[BlackFideId "1124480"]
[WhiteElo "2834"]
[BlackElo "2312"]
[Result "1/2-1/2"]
[Round "07"]
[TimeControl "180+1"]
[Date "2022.09.27"]
[WhiteClock "0:00:57"]
[BlackClock "0:00:23"]

1. d4 d6 2. Nf3 g6 3. c4 Bg7 4. g3 Nc6 5. Bg2 Nf6 6. O-O O-O 7. Nc3 Bf5 8. Ne1 e5 9. d5 Ne7 10. e4 Bg4 11. f3 Bc8 12. Nd3 Nd7 13. Be3 f5 14. Qd2 a5 15. Rae1 b6 16. f4 fxe4 17. Nxe4 Nf5 18. Bf2 exf4 19. Nxf4 Ne5 20. b3 a4 21. Ne6 Bxe6 22. dxe6 axb3 23. axb3 Qe7 24. h3 Qxe6 25. Ng5 Qc8 26. Qd5+ Kh8 27. Qxa8 Qxa8 28. Bxa8 Rxa8 29. g4 Ne7 30. Bd4 N7c6 31. Bxe5 Nxe5 32. Nf7+ Kg8 33. Nxe5 Bxe5 34. Re2 b5 35. cxb5 Rb8 36. Rc1 Rxb5 37. Rxc7 Rxb3 38. Ra2 Rb8 39. Raa7 Bd4+ 40. Kg2 Bxa7 41. Rxa7 Rd8 42. Kf3 d5 43. Ke3 d4+ 44. Kd3 h6 45. Ra4 Rf8 46. Ke4 Re8+ 47. Kxd4 Kf7 1/2-1/2


[Site "https://www.chess.com"]

[Event "Titled Tuesday Blitz September 27 Late 2022"]
[White "Sadilek, Peter"]
[Black "Bilan, Danila"]
[WhiteFideId "1616439"]
[BlackFideId "24161918"]
[WhiteElo "2145"]
[BlackElo "2164"]
[Result "1-0"]
[Round "07"]
[TimeControl "180+1"]
[Date "2022.09.28"]
[WhiteClock "0:00:08"]
[BlackClock "0:00:01"]

1. d4 d5 2. Nf3 Nf6 3. c4 c6 4. Nc3 e6 5. g3 Nbd7 6. Bg2 Bd6 7. O-O O-O 8. Nd2 h6 9. e4 dxe4 10. Ndxe4 Nxe4 11. Nxe4 Be7 12. Be3 Nf6 13. Nc3 Qc7 14. Qb3 b6 15. Rac1 Bb7 16. d5 exd5 17. cxd5 c5 18. Bf4 Qd7 19. Rfd1 Bd6 20. Bxd6 Qxd6 21. Nb5 Qd7 22. a4 Rfe8 23. a5 Rad8 24. Nxa7 bxa5 25. Nc6 Rc8 26. Nxa5 Ba8 27. Nc4 Rb8 28. Qd3 Rbd8 29. Ne3 Rc8 30. Rc2 Red8 31. Rcd2 Ne8 32. Nc4 Rb8 33. d6 Bxg2 34. Kxg2 Nf6 35. f3 Rb4 36. Re2 Qb5 37. Ne5 Rxb2 38. Qxb5 Rxb5 39. Nc6 Rd7 40. Ne5 Rd8 41. Red2 Rbb8 42. Nc6 Rbc8 43. Nxd8 Rxd8 44. Rc2 Nd7 45. Re1 Nf6 46. Rd1 Nd7 47. f4 f6 48. Kf3 Kf7 49. Ke4 g6 50. Kd5 c4 51. Re1 Nb6+ 52. Kc6 Nc8 53. d7 1-0


[Site "https://www.chess.com"]

[Event "Titled Tuesday Blitz September 27 Late 2022"]
[White "Salman, Pavel"]
[Black "Goltsev, Dmitry"]
[WhiteFideId "24153753"]
[BlackFideId "24176710"]
[WhiteElo "2039"]
[BlackElo "2257"]
[Result "0-1"]
[Round "07"]
[TimeControl "180+1"]
[Date "2022.09.28"]
[WhiteClock "0:00:02"]
[BlackClock "0:00:05"]

1. Nf3 d5 2. g3 c6 3. Bg2 Nf6 4. O-O g6 5. d3 Bg7 6. Nbd2 O-O 7. e4 dxe4 8. dxe4 Nbd7 9. Qe2 e5 10. b3 Qe7 11. a4 b6 12. Ba3 Nc5 13. Nc4 Ba6 14. Rfd1 Rfd8 15. Bf1 Qe6 16. Ng5 Qe7 17. Nf3 h6 18. Qe1 Nfd7 19. a5 Qf6 20. Kg2 Bf8 21. Ne3 Bxf1+ 22. Nxf1 Ne6 23. Bxf8 Ndxf8 24. axb6 axb6 25. Rxa8 Rxa8 26. Rd6 Rc8 27. Qd2 g5 28. Ne3 Ng6 29. Nf5 Kh7 30. Rd7 Nc5 31. Rd6 Ne6 32. h4 Ngf8 33. hxg5 hxg5 34. Nxg5+ Qxg5 35. Qxg5 Nxg5 36. Rh6+ Kg8 37. Ne7+ Kg7 38. Nf5+ Kg8 39. Rh5 Ra8 40. Rxg5+ Kh8 41. Rh5+ Nh7 42. Ne7 f6 43. Nxc6 Rc8 44. Nb4 Kg7 45. Rh1 Ng5 46. f3 Rd8 47. Nd3 Ne6 48. Ra1 Nd4 49. Ra7+ Kg6 50. Rc7 Ra8 51. Kf2 Ra2 52. Nb4 Ra1 53. f4 Rh1 54. Kg2 Re1 55. fxe5 fxe5 56. Nd5 b5 57. Rc8 Rxe4 58. Rg8+ Kf7 59. Rb8 Re2+ 60. Kf1 Rxc2 61. g4 e4 62. b4 Ke6 63. Ne3 Rb2 64. Rb6+ Ke5 65. Rxb5+ Kf4 66. Nd1 Rd2 67. Ke1 Nf3+ 68. Kf1 Kg3 69. Re5 Rxd1+ 70. Ke2 Re1# 0-1


[Site "https://www.chess.com"]

[Event "Titled Tuesday Blitz September 27 Late 2022"]
[White "Shandrygin, Nikita"]
[Black "Wagner, Dennis"]
[WhiteFideId "24198668"]
[BlackFideId "24650684"]
[WhiteElo "2323"]
[BlackElo "2355"]
[Result "0-1"]
[Round "07"]
[TimeControl "180+1"]
[Date "2022.09.28"]
[WhiteClock "0:00:07"]
[BlackClock "0:00:08"]

1. e4 e5 2. Nf3 Nc6 3. Bb5 a6 4. Ba4 Nf6 5. Qe2 b5 6. Bb3 Bc5 7. c3 d6 8. O-O O-O 9. h3 h6 10. Rd1 Bb6 11. d3 Re8 12. Nbd2 Be6 13. Bc2 Qd7 14. Nf1 Rad8 15. Nh4 d5 16. Qf3 Nh7 17. Ne3 Ng5 18. Qg3 f6 19. exd5 Bf7 20. dxc6 Qxc6 21. Bb3 Bxb3 22. axb3 a5 23. Nhf5 Kh7 24. Ng4 Qe6 25. Nfxh6 gxh6 26. Qh4 Nf7 27. Nxf6+ Kg6 28. Nxe8 Rxe8 29. Qg4+ Qxg4 30. hxg4 h5 31. gxh5+ Kxh5 32. Be3 Bxe3 33. fxe3 Ra8 34. Rf1 Kg6 35. Rf2 Nd6 36. Raf1 Kg5 37. e4 Rh8 38. Rf3 Kg4 39. Kf2 a4 40. bxa4 bxa4 41. Rg3+ Kf4 42. Rf3+ Kg5 43. Ra1 Rb8 44. Ra2 Rb3 45. Ke2 a3 46. bxa3 Nb5 47. Rc2 Nxa3 48. Rc1 Rb2+ 49. Kf1 Nc2 50. Rf2 Ne3+ 51. Kg1 Rb3 52. Re2 Ng4 53. Rf1 c5 54. Rf5+ Kh4 55. Re1 Rxc3 56. Rf3 Rc2 57. Kf1 Nh2+ 58. Kg1 Nxf3+ 59. gxf3 Kg3 60. Rf1 Rg2+ 61. Kh1 Rh2+ 62. Kg1 Rd2 63. Rc1 Rxd3 64. Kf1 Kxf3 65. Ke1 Re3+ 66. Kd2 Rxe4 67. Rxc5 Kf2 68. Kc3 Re1 69. Kd2 Re2+ 70. Kd3 Re3+ 71. Kd2 Re2+ 72. Kd1 e4 73. Rf5+ Ke3 74. Rf8 Ra2 75. Kc1 Ra1+ 76. Kc2 Rh1 77. Re8 Kf3 78. Rf8+ Ke2 79. Re8 e3 80. Rf8 Rh4 81. Kc3 Re4 82. Rf7 Re6 83. Rf8 Rc6+ 84. Kd4 Kd2 85. Ra8 e2 86. Ra2+ Rc2 0-1


[Site "https://www.chess.com"]